 Dungeon Crawl Stone Soup version 0.28-a0-616-gdeb3d7f7b4 (webtiles) character file.

Game seed: 6628956234138920075

45914 Mindthief the Destroyer (level 14, -1/98 HPs)
             Began as a Demonspawn Fire Elementalist on Oct 6, 2021.
             Was a High Priest of Vehumet.
             Slain by a dire elephant (32 damage)
             ... on level 6 of the Lair of Beasts.
             The game lasted 00:59:29 (21378 turns).

Mindthief the Destroyer (DsFE)                     Turns: 21378, Time: 00:59:29

Health: -1/98      AC: 14    Str:  5    XL:     14   Next: 2%
Magic:  39/39      EV: 11    Int: 20    God:    Vehumet [*****.]
Gold:   1066       SH: 13    Dex: 23    Spells: 12/37 levels left

rFire   + . .      SeeInvis .   O - +6 demon trident
rCold   + . .      Faith    .   y - +2 buckler
rNeg    . . .      Spirit   .   w - +5 leather armour of Yczes {rF+ rC+ Str-3 Dex+7}
rPois   .          Reflect  .   u - +0 helmet
rElec   .          Harm     +   K - scarf {harm}
rCorr   .          Rampage  .   G - +0 pair of gloves
Will    +....                   (boots unavailable)
Stlth   ++........              N - amulet of magic regeneration
HPRegen 0.26/turn               j - ring of magical power
MPRegen 0.51/turn               D - +4 ring of protection

@: studying Throwing
A: hooves 3, large bone plates 1, powered by death 2, demonic magic 2
a: Renounce Religion


You were on level 6 of the Lair of Beasts.
You worshipped Vehumet.
Vehumet was extremely pleased with you.
You visited 3 branches of the dungeon, and saw 18 of its levels.

You collected 1066 gold pieces.


Innate Abilities, Weirdness & Mutations

You have hooves in place of feet.
You are partially covered in large bone plates. (SH +4)
You regenerate health from kills.
Spells you cast may paralyse nearby enemies.

Dungeon Overview and Level Annotations

Branches:
Dungeon (11/15)            Temple (1/1) D:5            Lair (6/6) D:11
 Shoals (0/4) Lair:3        Snake (0/4) Lair:4        Slime (0/5) Lair:6
    Orc (0/2) D:11

Altars:
Ashenzari
Cheibriados
Dithmenos
Elyvilon
Fedhas
Hepliaklqana
Kikubaaqudgha
Makhleb
Nemelex Xobeh
Okawaru
Qazlal
Ru
Sif Muna
Trog
Uskayaw
Vehumet
Wu Jian
Yredelemnul
Zin
The Shining One

Annotations:
Lair:4 exclusion: oklob plant


   Skills:
 + Level 5.1 Fighting
 - Level 1.7 Dodging
 - Level 1.7 Stealth
 - Level 6.0 Shields
 + Level 12.1 Spellcasting
 * Level 14.2 Conjurations
 + Level 12.5 Fire Magic


You had 12 spell levels left.
You knew the following spells:

 Your Spells              Type           Power      Damage    Failure   Level
a - Foxfire               Conj/Fire      100%       2x1d9     1%          1
b - Scorch                Fire           100%       2d10      1%          2
c - Flame Wave            Conj/Fire      60%        3d11      1%          4
d - Fireball              Conj/Fire      30%        3d13      1%          5
e - Iskenderun's Mystic   Conj/Tloc      40%        2d9       1%          4
f - Conjure Flame         Conj/Fire      60%        6-21      1%          3
g - Starburst             Conj/Fire      30%        6d9       1%          6

Your spell library contained the following spells:

 Spells                   Type           Power      Damage    Failure   Level
 Magic Dart               Conj           100%       1d8       1%          1
 Dazzling Flash           Conj/Hex       80%        N/A       1%          3
 Inner Flame              Hex/Fire       37%        N/A       1%          3
 Mephitic Cloud           Conj/Pois/Air  31%        N/A       1%          3
 Fulminant Prism          Conj/Hex       20%        3d13      1%          4
 Call Imp                 Summ           12%        N/A       14%         2
 Ensorcelled Hibernation  Hex/Ice        24%        N/A       14%         2
 Confusing Touch          Hex            12%        N/A       28%         3
 Gell's Gravitas          Tloc           6%         N/A       28%         3
 Lesser Beckoning         Tloc           12%        N/A       28%         3
 Teleport Other           Tloc           12%        N/A       28%         3
 Tukima's Dance           Hex            12%        N/A       28%         3
 Leda's Liquefaction      Hex/Erth       6%         N/A       67%         4
 Summon Cactus Giant      Summ           6%         N/A       100%        6

Action                   |  1- 3 |  4- 6 |  7- 9 | 10-12 | 13-15 || total
-------------------------+-------+-------+-------+-------+-------++-------
Melee: Unarmed           |       |     7 |       |       |       ||     7
       Dagger            |       |    34 |    62 |    78 |       ||   174
       Kick              |       |       |    19 |    20 |       ||    39
       Short sword       |       |       |       |    55 |       ||    55
Throw: Throwing net      |       |       |       |     3 |       ||     3
 Cast: Foxfire           |    39 |   125 |   174 |   131 |       ||   469
       Scorch            |     3 |     3 |     8 |    85 |     8 ||   107
       Conjure Flame     |       |     2 |     1 |     7 |       ||    10
       Flame Wave        |       |     1 |    12 |    62 |    26 ||   101
       Starburst         |       |       |       |     9 |       ||     9
       Iskenderun's Myst |       |       |       |     1 |       ||     1
       Fireball          |       |       |       |       |    12 ||    12
Evoke: Lightning rod     |       |       |       |     7 |       ||     7
       Wand              |       |       |       |     6 |       ||     6
  Use: Scroll            |       |     6 |     5 |     6 |       ||    17
       Potion            |       |       |     6 |     6 |     2 ||    14
 Stab: Paralysed         |       |    30 |    30 |    36 |       ||    96
       Sleeping          |       |       |       |     2 |       ||     2
Armor: Robe              |     3 |     7 |    18 |     9 |       ||    37
       Skin              |       |       |     2 |       |       ||     2
       Leather armour    |       |       |       |    66 |    23 ||    89
Dodge: Dodged            |    14 |    25 |    59 |    87 |    20 ||   205
Block: Other             |     1 |    14 |    12 |    15 |       ||    42
       Buckler           |       |       |       |    69 |    41 ||   110

Skill      XL: |  1  2  3  4  5  6  7  8  9 10 11 12 13 |
---------------+----------------------------------------+-----
Fire Magic     | 3 4 5 6 8 9 10 11 12 | 12.5
Conjurations   | 2 3 5 6 8 10 11 12 14 | 14.2
Spellcasting   | 3 4 6 7 9 10 11 12 | 12.1
Shields        | 5 6 |  6.0
Fighting       | 1 5 |  5.1
Dodging        | |  1.7
Stealth        | |  1.7

Inventory:

Hand Weapons
 k - a +1 dagger of protection
 x - a +2 short sword of speed
 O - a +6 demon trident (weapon)
Missiles
 g - 7 throwing nets (quivered) {!f}
Armour
 a - a +1 robe
 b - a +1 cloak
 o - a scarf of invisibility
 u - a +0 helmet (worn)
 v - a +0 troll leather armour
 w - the +5 leather armour of Yczes (worn) {rF+ rC+ Str-3 Dex+7}
   (You found it on level 9 of the Dungeon)

   Str:       It affects your strength (-3).
   Dex:       It affects your dexterity (+7).
   rF:        It protects you from fire.
   rC:        It protects you from cold.
 y - a +2 buckler (worn)
 A - a +1 robe of positive energy
 B - a +0 pair of boots
 G - a +0 pair of gloves (worn)
 K - a scarf of harm (worn)
 L - a +2 kite shield
Magical Staves
 U - a staff of conjuration {!a}
Jewellery
 j - a ring of magical power (left hand)
 D - a +4 ring of protection (right hand)
 E - an amulet of reflection
 N - an amulet of magic regeneration (around neck)
 P - a ring of resist corrosion
Wands
 l - a wand of iceblast (24)
 m - a wand of acid (16)
 p - a wand of flame (91)
 q - a wand of mindburst (38)
 r - a wand of polymorph (3)
 H - a wand of charming (8)
Scrolls
 c - 5 scrolls of teleportation {@r1}
 i - 8 scrolls of identify {@r3}
 n - 3 scrolls of enchant armour
 t - a scroll of blinking {@r2}
 z - 5 scrolls of magic mapping
 F - 3 scrolls of enchant weapon
 I - a scroll of silence
 M - a scroll of fog
 R - 2 scrolls of fear
Potions
 d - 3 potions of degeneration
 e - 4 potions of heal wounds {@q1}
 f - a potion of flight
 h - 3 potions of lignification
 s - 3 potions of curing {@q2}
 J - a potion of invisibility
 Q - 2 potions of haste
 S - a potion of attraction
 T - a potion of magic {unknown}
Miscellaneous
 C - a lightning rod (4/4)

#.#..#######.P##...# ###...#
###...##.###..PP...######..##
##................#..#...###
#...####....P.##..........[###
#####..# #P##..###..............
#.P#..## ####.###...............
..PP..### ###.>####..............
.P..P.#.###.##....##.............
####......ZY...Y@................
#P.P....#.#...##..#...<.........
##...########.####..............
#####..# #..# ##.<...........
P#.P..##### #..## #..............
Y......##.###...# ##.............
Y##P..###.......# ##.............
#####(.........## #..#.P.##......
##.#.....#..#####..##P#.......


You could see 2 dire elephants and a cane toad simulacrum.

Vanquished Creatures
  Kirke (Lair:6)
  Nessos (Lair:5)
  6 hydras
  Erolcha (D:10)
  Harold (D:8)
  2 death yaks (Lair:4)
  Urug (Lair:4)
  3 two-headed ogres
  A lindwurm (Lair:5)
  Pikel (D:4)
  A deep elf pyromancer (D:10)
  An oklob plant (Lair:6)
  A cyclops (D:11)
  6 black mambas
  Maurice (D:8)
  A torpor snail (Lair:4)
  10 elephants
  A merfolk siren (Lair:3)
  An unseen horror (D:11)
  8 cane toads
  4 rime drakes
  3 komodo dragons
  4 trolls
  Prince Ribbit (D:8)
  3 merfolk (Lair:3)
  A hornet (Lair:4)
  2 polar bears
  11 blink frogs
  14 dream sheep (Lair:6)
  A vampire (D:11)
  2 wraiths
  A water elemental (D:11)
  Sigmund (D:5)
  3 hogs (Lair:6)
  7 wyverns
  5 basilisks
  A fire elemental (Lair:1)
  38 yaks
  3 humans (Lair:6)
  2 steam dragons
  Grum (D:8)
  Edmund (D:5)
  5 nagas (Lair:4)
  14 water moccasins
  An acid dragon (D:10)
  4 orc warriors
  A black bear (D:7)
  3 sky beasts
  3 necrophages
  A centaur (D:10)
  6 wolves
  3 lemures
  A phantom (D:4)
  A kobold brigand (D:7)
  10 bullfrogs
  2 gnoll sergeants
  A wyvern zombie (D:8)
  2 scorpions
  A water moccasin skeleton (D:5)
  5 killer bees (D:8)
  3 wights (D:8)
  A howler monkey (D:5)
  4 electric eels
  2 bullfrog zombies
  5 centaur zombies
  11 hounds
  6 orc priests
  Crazy Yiuf (D:6)
  Jessica (D:2)
  3 iguanas
  12 orc wizards
  2 hell rats (Lair:2)
  A hound skeleton (D:5)
  2 howler monkey zombies (D:9)
  14 gnolls
  6 adders
  5 river rats (Lair:2)
  A shadow imp (D:4)
  2 white imps
  2 ufetubi (D:5)
  A dart slug (D:4)
  47 orcs
  4 ball pythons
  7 endoplasms
  3 giant cockroaches
  6 goblins
  8 hobgoblins
  11 kobolds
  4 quokkas
  2 bats (D:1)
  5 frilled lizards
  10 rats
  A plant (Lair:4)
415 creatures vanquished.

Vanquished Creatures (others)
  An orc wizard (D:6)
  786 foxfires
  28 fungi
  34 plants
  11 withered plants (Lair:6)
860 creatures vanquished.

Grand Total: 1275 creatures vanquished

Levels and vault maps discovered:
D:1:      dpeg_arrival_rooms_b, layout_rooms, serial_corexii_hall,
          corexii_hall_statues_t, corexii_hall_statues_deadend,
          hangedman_glass_teeth, st_stairs_2
D:2:      layout_basic, hellmonk_ecumenical_altar_blasted, uniq_jessica
D:3:      minmay_wonky_spiral, layout_loops_corners
D:4:      layout_cave_pools, minmay_manual_mess, uniq_pikel
D:5:      layout_layer_cave, minmay_temple_entry_crystal_x, nrook_mini_vaults,
          chequers_serial_rivers_small_a, sigmund_edmund_badplayer
D:6:      layout_basic, uniq_crazy_yiuf_cottage
D:7:      layout_rooms
D:8:      layout_layer_cave, minmay_strange_pillars, uniq_harold,
          uniq_prince_ribbit1, uniq_maurice, uniq_grum
D:9:      layout_loops_ring
D:10:     layout_irregular_city, kennysheep_mini_moat, grunt_potential
D:11:     layout_rooms, erik_lair_island, nicolae_uskayaw_en_pointe,
          uniq_erolcha
Temple:   regret_index_temple_sigil_plot
Lair:1:   layout_gridlike, infiniplex_staircase_pool
Lair:2:   layout_cave_pods, hangedman_lair_unloving_vines,
          kennysheep_abandoned_house, grunt_megastairs_2
Lair:3:   layout_regular_city, elwin_shoals_entry_stream
Lair:4:   minmay_lair_oklob_tunnel, layout_big_grid,
          minmay_snake_entry_guardpost_medium, uniq_urug
Lair:5:   layout_roguey, grunt_forest_small_clearing_treed, lemuel_fruit_fields,
          uniq_nessos
Lair:6:   due_jungle_book, layout_small_grid, slime_dummy, uniq_kirke


Message History

A dire elephant comes into view.
The necromancer hits the withered plant with a +0 dagger.
The dire elephant tramples the withered plant!!!
The withered plant is destroyed!
A wave of flame ripples out!
The flame wave engulfs the dire elephant!!
The dire elephant is heavily wounded.
The flame wave engulfs the withered plant!!
The withered plant is moderately damaged.
You hear a croak.
The dire elephant tramples you!!
You hold your ground!
The dire elephant completely misses you.
A wave of flame ripples out!
The flame wave engulfs the dire elephant!!
The dire elephant is severely wounded.
The flame wave engulfs the withered plant!!
The withered plant is heavily damaged.
The flame wave engulfs the withered plant!!
The withered plant begins to crumble.
The withered plant is lightly damaged.
A cane toad simulacrum comes into view.
The dire elephant tramples you!!
You hold your ground!
The dire elephant trunk-slaps you but does no damage.
A wave of flame ripples out!
The flame wave engulfs the dire elephant!!
The dire elephant is almost dead.
The flame wave engulfs the withered plant!
The withered plant is heavily damaged.
The flame wave engulfs the withered plant!
The withered plant is moderately damaged.
The flame wave engulfs the elephant!
The elephant is moderately wounded.
The flame wave engulfs the plant!!
The plant begins to die.
The plant is lightly damaged.
You finish channelling waves of flame.
The withered plant crumbles away.
The dire elephant tramples you!
* * * LOW HITPOINT WARNING * * *
You hold your ground!
You block the dire elephant's attack. The dire elephant tramples you!!
You die...

Notes
Turn   | Place    | Note
-------+----------+-------------------------------------------
     0 | D:1      | Mindthief the Demonspawn Fire Elementalist began the quest
                  | for the Orb.
     0 | D:1      | Reached XP level 1. HP: 13/13 MP: 3/3
   196 | D:1      | Gained mutation: You are partially covered in large bone
                  | plates. (SH +4) [demonic ancestry]
   196 | D:1      | Reached XP level 2. HP: 19/19 MP: 1/5
   687 | D:1      | Learned a level 2 spell: Scorch
   931 | D:1      | Reached skill level 2 in Conjurations
  1167 | D:2      | You fall into a shaft and drop 2 floors!
  1167 | D:4      | Noticed a phantom
  1181 | D:4      | Gained mutation: Spells you cast may paralyse adjacent
                  | enemies. [demonic ancestry]
  1181 | D:4      | Reached XP level 3. HP: 20/24 MP: 1/6
  1259 | D:4      | Noticed a necrophage
  1271 | D:4      | Killed a necrophage
  1272 | D:4      | Reached XP level 4. HP: 30/30 MP: 0/7
  1362 | D:4      | Reached skill level 3 in Conjurations
  1444 | D:4      | Reached XP level 5. HP: 31/35 MP: 2/9
  1807 | D:4      | Noticed a lemure
  1808 | D:4      | Noticed a lemure
  1809 | D:4      | Noticed a lemure
  1809 | D:4      | Noticed Pikel
  1890 | D:3      | Learned a level 3 spell: Conjure Flame
  2979 | D:2      | Reached XP level 6. HP: 41/41 MP: 7/10
  3012 | D:2      | Learned a level 4 spell: Flame Wave
  3591 | D:2      | Found a faded altar of an unknown god.
  3605 | D:2      | Noticed Jessica
  3613 | D:2      | Killed Jessica
  3824 | D:4      | Reached skill level 4 in Conjurations
  4554 | D:4      | Killed Pikel
  4555 | D:4      | Reached skill level 5 in Conjurations
  4555 | D:4      | Reached skill level 5 in Fire Magic
  4555 | D:4      | Reached XP level 7. HP: 28/46 MP: 5/13
  4776 | D:5      | Entered Level 5 of the Dungeon
  4881 | D:5      | Gained mutation: You have large cloven feet. [demonic
                  | ancestry]
  4881 | D:5      | Reached XP level 8. HP: 43/52 MP: 2/15
  5107 | D:5      | Reached skill level 5 in Spellcasting
  5271 | D:5      | Reached skill level 6 in Conjurations
  5329 | D:5      | Found a staircase to the Ecumenical Temple.
  5337 | Temple   | Entered the Ecumenical Temple
  5423 | Temple   | Became a worshipper of Vehumet
  6116 | D:5      | Noticed Edmund
  6116 | D:5      | Noticed Sigmund
  6128 | D:5      | Killed Edmund
  6226 | D:5      | Killed Sigmund
  6496 | D:6      | Gained mutation: You have hoof-like feet. [demonic
                  | ancestry]
  6496 | D:6      | Reached XP level 9. HP: 42/57 MP: 14/18
  6617 | D:6      | Reached skill level 7 in Conjurations
  7394 | D:6      | Found a runed translucent door.
  7395 | D:6      | Noticed Crazy Yiuf
  7440 | D:6      | Killed Crazy Yiuf
  7610 | D:6      | Reached * piety under Vehumet
  7610 | D:6      | Offered knowledge of Shock by Vehumet.
  8244 | D:7      | Reached skill level 8 in Conjurations
  8566 | D:8      | Noticed Grum
  8579 | D:8      | Killed Grum
  9104 | D:8      | Noticed Maurice
  9232 | D:8      | Gained mutation: Spells you cast may paralyse nearby
                  | enemies. [demonic ancestry]
  9232 | D:8      | Reached XP level 10. HP: 63/63 MP: 21/21
  9349 | D:8      | Noticed Prince Ribbit
  9355 | D:8      | Killed Prince Ribbit
  9487 | D:8      | Reached ** piety under Vehumet
  9488 | D:8      | Offered knowledge of Poisonous Vapours by Vehumet.
  9614 | D:8      | Noticed a two-headed ogre
  9760 | D:8      | Killed a two-headed ogre
  9959 | D:8      | Killed Maurice
  9960 | D:8      | Reached skill level 9 in Conjurations
 10070 | D:8      | Noticed Harold
 10087 | D:8      | Killed Harold
 11162 | D:9      | Noticed a two-headed ogre
 11172 | D:9      | Killed a two-headed ogre
 11458 | D:9      | Identified the +5 leather armour of Yczes {rF+ rC+ Str-3
                  | Dex+7}
 11984 | D:10     | Entered Level 10 of the Dungeon
 12240 | D:10     | Found a broken altar of Ashenzari.
 12312 | D:10     | Reached skill level 10 in Conjurations
 12312 | D:10     | Reached XP level 11. HP: 68/68 MP: 24/24
 12370 | D:10     | Noticed a deep elf pyromancer
 12383 | D:10     | Offered knowledge of Dazzling Flash by Vehumet.
 12386 | D:10     | Killed a deep elf pyromancer
 12430 | D:10     | Reached skill level 10 in Fire Magic
 13229 | D:11     | Reached skill level 1 in Shields
 13279 | D:11     | Found a staircase to the Orcish Mines.
 13307 | D:11     | Reached *** piety under Vehumet
 13315 | D:11     | Noticed a two-headed ogre
 13324 | D:11     | Killed a two-headed ogre
 13734 | D:11     | Noticed Erolcha
 13758 | D:10     | Killed Erolcha
 13887 | D:11     | Offered knowledge of Frozen Ramparts by Vehumet.
 13967 | D:11     | Noticed a +0 short sword
 13967 | D:11     | Noticed a +0 short sword
 13968 | D:11     | Noticed a +0 falchion
 13970 | D:11     | Noticed a +0 dagger
 13970 | D:11     | Noticed a +0 falchion
 13971 | D:11     | Noticed a +0 spear
 13971 | D:11     | Noticed a +0 spear
 13972 | D:11     | Noticed a +0 dagger
 13976 | D:11     | Found a hide-covered altar of Uskayaw.
 14095 | D:11     | Found a staircase to the Lair.
 14186 | Lair:1   | Entered Level 1 of the Lair of Beasts
 14208 | Lair:1   | Reached skill level 10 in Spellcasting
 14210 | Lair:1   | Reached skill level 11 in Conjurations
 15084 | Lair:2   | Noticed a six-headed hydra
 15096 | Lair:2   | Killed a six-headed hydra
 15097 | Lair:2   | Reached skill level 5 in Shields
 15097 | Lair:2   | Gained mutation: You regenerate a little health from kills.
                  | [demonic ancestry]
 15097 | Lair:2   | Reached XP level 12. HP: 74/74 MP: 26/26
 15145 | Lair:2   | Noticed an eight-headed hydra
 15156 | Lair:2   | Killed an eight-headed hydra
 15326 | Lair:2   | Reached **** piety under Vehumet
 15444 | Lair:2   | Offered knowledge of Yara's Violent Unravelling by Vehumet.
 15545 | Lair:2   | Got the Papyrus of the Oath
 16463 | Lair:3   | Found a staircase to the Shoals.
 17283 | Lair:4   | Reached skill level 12 in Conjurations
 17435 | Lair:4   | Found a staircase to the Snake Pit.
 17456 | Lair:4   | Noticed a death yak
 17457 | Lair:4   | Noticed a death yak
 17475 | Lair:4   | Killed a death yak
 17476 | Lair:4   | Killed a death yak
 17714 | Lair:4   | Noticed Urug
 17723 | Lair:4   | Learned a level 6 spell: Starburst
 18307 | Lair:3   | Learned a level 4 spell: Iskenderun's Mystic Blast
 18315 | Lair:4   | Killed Urug
 18316 | Lair:4   | Reached skill level 1 in Fighting
 18856 | Lair:4   | Gained mutation: You have hooves in place of feet. [demonic
                  | ancestry]
 18856 | Lair:4   | Reached XP level 13. HP: 54/82 MP: 28/28
 19254 | Lair:5   | Noticed Nessos
 19288 | Lair:5   | Reached ***** piety under Vehumet
 19291 | Lair:5   | Offered knowledge of Fireball by Vehumet.
 19298 | Lair:5   | Learned a level 5 spell: Fireball
 19683 | Lair:5   | Reached skill level 13 in Conjurations
 20140 | Lair:5   | Killed Nessos
 20405 | Lair:6   | Entered Level 6 of the Lair of Beasts
 20406 | Lair:6   | Noticed Kirke
 20413 | Lair:6   | Killed Kirke
 20473 | Lair:6   | Found a staircase to the Slime Pits.
 20561 | Lair:6   | Reached skill level 14 in Conjurations
 20731 | Lair:6   | Reached skill level 5 in Fighting
 20877 | Lair:6   | Gained mutation: You regenerate health from kills. [demonic
                  | ancestry]
 20877 | Lair:6   | Reached XP level 14. HP: 97/98 MP: 30/30
 21378 | Lair:6   | Slain by a dire elephant
